 Dungeon Crawl Stone Soup version 0.27-a0-1281-ge233d83751 (webtiles) character file.

Game seed: 11384584665237725829

279 Vomitron the Bolt Thrower (level 6, 0/37 HPs)
             Began as a Kobold Hunter on June 14, 2021.
             Slain by Pikel (9 damage)
             ... on level 4 of the Dungeon.
             The game lasted 00:06:55 (4335 turns).

Vomitron the Bolt Thrower (Kobold Hunter)           Turns: 4335, Time: 00:06:56

Health: 0/37       AC:  4    Str: 10    XL:     6   Next: 52%
Magic:  6/6        EV: 15    Int: 12    God:
Gold:   160        SH:  0    Dex: 17    Spells: 5/5 levels left

rFire    . . .     SeeInvis .   a - +1 hand crossbow
rCold    . . .     Faith    .   (shield restricted)
rNeg     . . .     Spirit   .   c - +0 leather armour
rPois    .         Reflect  .   A - +0 helmet
rElec    .         Harm     .   (no cloak)
rCorr    +         Rampage  .   (no gloves)
Will     +....                  (no boots)
Stlth    +++.......             (no amulet)
HPRegen  0.12/turn              j - ring of resist corrosion
MPRegen  0.10/turn              y - ring of willpower

@: no status effects
A: small, no large weapons, nightstalker 3
a: no special abilities


You were on level 4 of the Dungeon.
You visited 1 branch of the dungeon, and saw 4 of its levels.

You collected 160 gold pieces.

Inventory:

Hand Weapons
 a - a +1 hand crossbow (weapon)
 b - a +2 dagger of protection
 k - a +0 short sword
Missiles
 d - 12 bolts (quivered ammo)
Armour
 c - a +0 leather armour (worn)
 p - a +0 buckler
 A - a +0 helmet (worn)
Jewellery
 j - a ring of resist corrosion (left hand)
 y - a ring of willpower (right hand)
Wands
 B - a wand of mindburst (8)
 C - a wand of iceblast (9)
Scrolls
 f - a scroll of brand weapon {unknown}
 i - a scroll of enchant weapon {unknown}
 m - 2 scrolls of identify {unknown}
 n - a scroll of magic mapping {unknown}
 r - 3 scrolls of fear {unknown}
 s - 2 scrolls of teleportation {unknown}
 t - a scroll of immolation {unknown}
 w - a scroll of enchant armour {unknown}
 x - a scroll of blinking {unknown}
Potions
 e - a potion of cancellation {unknown}
 g - 4 potions of heal wounds {unknown}
 h - a potion of invisibility {unknown}
 l - a potion of brilliance {unknown}
 o - 3 potions of degeneration {unknown}
 q - a potion of curing
 u - 3 potions of resistance {unknown}
 v - a potion of mutation {unknown}
 z - a potion of flight {unknown}


   Skills:
 + Level 3.6 Fighting
 - Level 2.3 Short Blades
 + Level 5.8 Crossbows
 + Level 4.0 Dodging
 + Level 4.1 Stealth
 + Level 1.0 Shields


You had 5 spell levels left.
You didn't know any spells.
Your spell library contained the following spells:

 Spells                   Type           Power      Damage    Failure   Level
 Animate Skeleton         Necr           0%         N/A       41%         1
 Apportation              Tloc           0%         N/A       41%         1
 Corona                   Hex            0%         N/A       41%         1
 Summon Small Mammal      Summ           0%         N/A       41%         1


Dungeon Overview and Level Annotations

Branches:
Dungeon (4/15)
 Temple: D:4-7

Altars:
Ashenzari

Annotations:
D:4 Pikel


Innate Abilities, Weirdness & Mutations

You are small and have problems with some larger weapons.
You are completely attuned to the shadows.


Message History

You shoot a bolt. The bolt completely misses Pikel.
Pikel waves his whip at you.
A lemure comes into view.
Pikel misses you.
Unknown command.
Pikel cracks his whip.
Pikel cracks his whip.
Pikel says, "You'll feel the lick of my whip!"
The lemure barely misses you.
Fire: 16 bolts
Press: ? - help, Q - select action, (/) - cycle Shift-Dir - straight line, f/p - Pikel
Aim: Pikel, wielding a +2 whip of flaming, wearing a +0 robe and carrying a wand of iceblast (12) (61% to hit)
You shoot a bolt. The bolt completely misses Pikel.
Pikel zaps a wand.
The mass of ice explodes!
The iceblast engulfs you!
You hear a shout!
Unknown command.
Unknown command.
Fire: 15 bolts
Press: ? - help, Q - select action, (/) - cycle Shift-Dir - straight line, f/p - Pikel
Aim: Pikel, wielding a +2 whip of flaming, wearing a +0 robe and carrying a wand of iceblast (11) (61% to hit)
You shoot a bolt. The bolt barely misses Pikel.
Pikel zaps a wand.
The mass of ice explodes!
The iceblast engulfs you!
Unknown command.
Fire: 14 bolts
Press: ? - help, Q - select action, (/) - cycle Shift-Dir - straight line, f/p - Pikel
Aim: Pikel, wielding a +2 whip of flaming, wearing a +0 robe and carrying a wand of iceblast (10) (61% to hit)
You shoot a bolt. The bolt hits Pikel but does no damage.
Pikel zaps a wand.
The mass of ice explodes!
The iceblast engulfs you!
* * * LOW HITPOINT WARNING * * *
You hear a shout!
Unknown command.
Fire: 13 bolts
Press: ? - help, Q - select action, (/) - cycle Shift-Dir - straight line, f/p - Pikel
Aim: Pikel, wielding a +2 whip of flaming, wearing a +0 robe and carrying a wand of iceblast (9) (61% to hit)
You shoot a bolt. The bolt hits Pikel but does no damage.
Unknown command.
Unknown command.
You feel better.
Pikel hits you with a +2 whip of flaming!
You die...

#.#.##.#.#†##.#.##..(.#..
.#.##.#†#.#.##.#†##......
#.##.#.##..#.##.#.##.....
.##[#.##..#.##.#.##....##
##.#.##..#.##.#.##.5(..#
#.#.##.#(.##.#^##.#5...#
.#.##.#..##.#.##.#5#...####
#.##.#..##.#.##.#K##......##
.#.##.#.#.#.##.#@##.K5.....#
#.#.##.#.#.##)#.###5.......#
##.#.##.#.##.#.##..........#
###.#.## ##.#.##.....##....#
####.#.###.#.##.......#....##
...##.#.#.#.##..............#
.<..##.#.#.##†.............##
.....##.#.##...5........####
......##)##............##


You could see Pikel and 3 lemures.

Vanquished Creatures
  A bullfrog (D:4)
  A jelly (D:4)
  Jessica (D:2)
  Terence (D:2)
  Robin (D:4)
  An adder (D:4)
  A white imp (D:4)
  3 adder skeletons
  A worm (D:3)
  3 dart slugs (D:1)
  3 orcs
  4 endoplasms
  12 giant cockroaches
  13 goblins
  11 hobgoblins
  A jackal (D:4)
  3 quokkas
  5 ball pythons
  7 bats
  A frilled lizard (D:3)
  A kobold (D:2)
  7 rats
82 creatures vanquished.

Notes
Turn   | Place    | Note
-------+----------+-------------------------------------------
     0 | D:1      | Vomitron the Kobold Hunter began the quest for the Orb.
     0 | D:1      | Reached XP level 1. HP: 12/12 MP: 1/1
   139 | D:1      | Reached XP level 2. HP: 15/18 MP: 2/2
   247 | D:1      | Reached skill level 1 in Short Blades
   247 | D:1      | Reached skill level 5 in Crossbows
   667 | D:1      | Reached XP level 3. HP: 22/22 MP: 3/3
  1214 | D:2      | Noticed Terence
  1223 | D:2      | Killed Terence
  1224 | D:2      | Reached XP level 4. HP: 7/27 MP: 4/4
  1916 | D:2      | Noticed Jessica
  1937 | D:2      | Killed Jessica
  2124 | D:2      | Reached XP level 5. HP: 32/32 MP: 5/5
  2505 | D:3      | Found a broken altar of Ashenzari.
  3675 | D:4      | Noticed Robin
  3754 | D:4      | Killed Robin
  4015 | D:4      | Reached XP level 6. HP: 30/37 MP: 6/6
  4202 | D:4      | Reached skill level 1 in Shields
  4296 | D:4      | Noticed Pikel
  4335 | D:4      | Slain by Pikel

Illustrated notes

Levels and vault maps discovered:
D:1:      giann_wishing_wells, layout_basic
D:2:      layout_basic, uniq_jessica, uniq_terence
D:3:      layout_loops_cross, nicolae_ashenzari_skybound,
          nicolae_overflow_hidden_temple, minmay_misc_feat_cross,
          serial_bayou_ford_a, minmay_misc_feat_diagonals,
          minmay_misc_feat_more_columns, chequers_serial_rivers_marsh,
          hangedman_decor_points, chequers_serial_rivers_small_3,
          minmay_pentangle
D:4:      minmay_inner_zag, layout_cave_pools, elyvilon_altar_1, uniq_robin,
          uniq_pikel, uniq_menkaure, uniq_grinder

Skill      XL: |  1  2  3  4  5  6 |
---------------+-------------------+-----
Short Blades   | 1 2 |  2.3
Crossbows      | 5 |  5.8
Stealth        | 2 3 4 |  4.1
Dodging        | 3 4 |  4.0
Fighting       | 3 |  3.6
Shields        | 1 |  1.0

Action                   |  1- 3 |  4- 6 || total
-------------------------+-------+-------++-------
Melee: Short sword       |    77 |     6 ||    83
       Dagger            |       |   194 ||   194
 Fire: Hand crossbow     |    14 |    18 ||    32
  Use: Potion            |       |     1 ||     1
 Stab: Sleeping          |    11 |    10 ||    21
       Distracted        |       |     1 ||     1
Armor: Leather armour    |    23 |    60 ||    83
Dodge: Dodged            |    60 |   136 ||   196

Table legend: (Time is in decaauts)
 A = Elapsed time spent in this place.
 B = Non-inter-level travel time spent in this place.
 C = Inter-level travel time spent in this place.
 D = Time resting spent in this place.
 E = Time spent auto-exploring this place.
 F = Levels seen in this place.
 G = Mean time per level.
                   A        B        C        D        E       F      G
               +--------+--------+--------+--------+--------+-----+--------+
         Total |   4322 |   4215 |    107 |    782 |   2686 |   4 | 1080.5 |
       Dungeon |   4322 |   4215 |    107 |    782 |   2686 |   4 | 1080.5 |
               +--------+--------+--------+--------+--------+-----+--------+

Top non-repeatable levels by time:
     D:2: 1251 daAuts
     D:3: 1180 daAuts
     D:1: 1169 daAuts
     D:4: 721 daAuts
